Map: Base du roi Sejong EC

Players

Worming

  • Race: Zerg Zerg

aixinkuaiche - Winner!

  • Race: Zerg Zerg

VOD

Have the link to the VOD?

Description

Time

  • Played on: July 13, 2016, 12:52 p.m.
  • Length: 8:09
Show
View Real Time Build Order
Export as new Build Order

Worming Zerg 

Build Orders: Pool First 

Get SALT Encoding   

  12  0:01  Drone  
  13  0:12  Overlord  
  13  0:19  Drone  
  14  0:32  Drone x2  
  14  0:35  Drone  
  17  0:48  Drone  
  18  1:00  Extractor  
  18  1:01  Spawning Pool  
  16  1:12  Hatchery  
  16  1:17  Drone  
  16  1:19  Drone  
  17  1:33  Drone  
  17  1:37  Drone  
  19  1:41  Overlord  
  19  1:48  Queen  
  19  1:50  Zergling x2  
  22  2:01  Zergling x2  
  23  2:09  Metabolic Boost  
  23  2:18  Drone  
  24  2:23  Overlord  
  24  2:24  Queen  
  26  2:30  Queen  
  26  2:33  Drone  
  29  2:49  Drone x4  
  31  3:15  Roach Warren  
  30  3:20  Zergling x12  
  36  3:29  Spine Crawler  
  35  3:36  Drone x4  
  35  3:37  Drone x2  
  41  3:43  Evolution Chamber  
  41  3:46  Evolution Chamber  
  39  3:53  Evolution Chamber  
  38  3:58  Spine Crawler  
  37  4:07  Overlord x2  
  37  4:08  Evolution Chamber  
  36  4:21  Zerg Melee Weapons Level 1  
  36  4:22  Zerg Ground Armor Level 1  
  36  4:25  Drone x3  
  39  4:32  Overlord  
  39  4:55  Drone x9  
  48  5:16  Lair  
  48  5:17  Extractor  
  48  5:19  Extractor  
  48  5:20  Extractor  
  40  5:58  Drone x10  
  50  6:06  Roach x2  
  50  6:07  Roach x2  
  57  6:19  Queen x2  
  57  6:20  Overlord x3, Spire  
  57  6:21  Overlord  
  60  6:36  Overlord x2  
  30  7:12  Drone x2  
  30  7:13  Drone x3  
  28  7:31  Mutalisk x6  
  40  7:39  Zergling x2  
  40  7:40  Zergling x4  
  36  7:51  Zergling x4  
Show
View Real Time Build Order
Export as new Build Order

aixinkuaiche Zerg - Winner!

Build Orders: Hatch First 

Get SALT Encoding   

  12  0:05  Drone  
  13  0:09  Drone  
  14  0:19  Overlord  
  14  0:38  Drone x3  
  17  1:03  Drone x2  
  19  1:05  Hatchery  
  18  1:15  Extractor  
  17  1:23  Evolution Chamber  
  16  1:27  Spawning Pool  
  16  1:30  Drone  
  16  1:31  Drone  
  17  1:42  Drone  
  17  1:43  Drone  
  19  1:54  Overlord  
  19  2:09  Drone  
  19  2:13  Queen  
  22  2:21  Metabolic Boost  
  22  2:22  Queen  
  22  2:23  Zergling x2  
  22  2:29  Zergling x2  
  26  2:35  Drone x2  
  28  2:40  Zergling x2  
  29  2:59  Baneling Nest  
  29  3:00  Drone x2  
  30  3:07  Zergling x4  
  32  3:19  Zergling x2  
  34  3:20  Zergling x2  
  34  3:27  Hatchery, Overlord  
  33  3:37  Zergling x6  
  36  3:46  Zergling x6  
  36  3:47  Zergling x2  
  39  3:49  Baneling  
  39  3:55  Zergling x4  
  41  4:01  Zergling x4  
  43  4:07  Overlord  
  43  4:09  Baneling x2  
  43  4:26  Drone x3  
  43  4:27  Drone x4  
  50  4:34  Drone  
  51  4:39  Queen  
  53  4:50  Overlord x2  
  53  5:01  Overlord  
  53  5:05  Roach Warren  
  52  5:10  Drone x2  
  54  5:25  Zergling x12  
  54  5:26  Zergling x2  
  61  5:38  Drone x3  
  61  5:39  Drone  
  61  5:40  Drone x2  
  67  5:43  Drone x3  
  69  5:51  Overlord  
  69  5:52  Overlord  
  69  5:53  Overlord  
  69  5:57  Drone x2  
  69  5:58  Drone  
  72  6:06  Drone  
  72  6:16  Baneling x2  
  72  6:17  Baneling x19  
  72  6:18  Zergling x2  
  73  6:20  Zergling x6  
  67  6:59  Zergling x8  
  67  7:00  Zergling x10  
  70  7:02  Zergling x8  
  73  7:11  Zergling x4  
  73  7:14  Zergling x2  
  73  7:15  Zergling x8  
  77  7:18  Extractor  
  77  7:20  Extractor  
  77  7:21  Extractor  
  72  7:27  Zergling x8  
  72  7:28  Zergling x2  
  73  7:37  Drone  
  73  7:38  Drone x5  
  73  7:42  Drone  
  82  7:46  Hatchery  
  82  7:47  Drone  
  82  7:48  Baneling  
  82  7:49  Baneling x3  
  80  7:53  Drone x2  
  80  7:55  Drone  
  80  7:57  Drone x3  
Tags
 
Add a new tag
Caveats
  • Supply blocks, unpowered buildings, or Contaminate may cause inaccurate times.
  • Supply counts are checked every 10 seconds.